Map: New Gettysburg LE

Players

RAMSES

  • Race: Terran Terran
  • League: Gold
  • Spawn Location: 5:00

Fropez - Winner!

  • Race: Protoss Protoss
  • League: Gold
  • Spawn Location: 7:00

VOD

Have the link to the VOD?

Description

Time

  • Played on: Sept. 23, 2016, 10:21 a.m.
  • Length: 7:17
Show
View Real Time Build Order
Export as new Build Order

RAMSES Terran 

Build Orders:  

Get SALT Encoding   

  12  0:03  SCV  
  13  0:15  SCV  
  14  0:23  Supply Depot  
  14  0:27  SCV  
  15  0:44  SCV  
  15  0:48  Barracks  
  16  0:56  SCV  
  17  0:58  Supply Depot  
  17  1:09  SCV  
  18  1:19  Refinery  
  18  1:21  SCV  
  19  1:28  Barracks  
  19  1:33  SCV  
  19  1:37  Marine  
  21  1:45  Barracks  
  21  1:50  Barracks  
  21  1:51  SCV  
  22  1:58  Marine  
  23  2:03  SCV  
  24  2:20  Barracks  
  24  2:22  Barracks  
  24  2:24  Marine x2  
  26  2:36  SCV, Supply Depot  
  26  2:37  Marine  
  28  2:46  Marine  
  28  2:48  Marine  
  30  2:51  Marine  
  30  2:58  Marine  
  32  3:04  Marine  
  33  3:07  Marine  
  33  3:09  Marine  
  34  3:13  Supply Depot  
  34  3:17  Marine x2  
  34  3:18  Marine  
  37  3:26  SCV  
  38  3:31  Refinery  
  38  3:32  Refinery  
  38  3:39  Marine x2  
  40  3:42  Marine  
  40  3:47  Marine  
  40  3:48  Marine  
  43  4:01  Marine x3  
  43  4:02  Marine  
  47  4:13  SCV  
  46  4:24  Marine  
  46  4:25  Marine x2  
  46  4:27  Marine  
  46  4:30  Marine  
  46  4:31  Marine  
  46  4:42  Marine x2  
  47  4:58  Factory  
  47  5:15  Command Center  
  47  5:27  Supply Depot  
  47  5:30  SCV  
  47  5:31  Marine  
  44  5:43  Marine x2  
  44  5:44  Marine  
  44  5:49  Marine x3  
  45  6:02  Marine x3  
  42  6:06  Marine x2, Factory Tech Lab  
  37  6:24  Engineering Bay  
  37  6:27  Siege Tank  
  37  6:32  SCV  
  41  6:34  SCV  
  32  6:54  Marine  
  32  6:55  Marine x5  
Show
View Real Time Build Order
Export as new Build Order

Fropez Protoss - Winner!

Build Orders: 1 Gate Expand 

Get SALT Encoding   

  12  0:09  Probe (Chrono Boost)  
  13  0:22  Pylon  
  13  0:39  Probe (Chrono Boost)  
  14  0:43  Gateway  
  14  0:44  Assimilator  
  14  0:49  Probe (Chrono Boost)  
  15  1:00  Probe (Chrono Boost)  
  16  1:22  Nexus  
  18  1:39  Cybernetics Core  
  16  1:45  Pylon  
  16  1:49  Probe  
  16  2:01  Probe  
  17  2:12  Pylon  
  17  2:13  Probe  
  18  2:26  Mothership Core  
  20  2:33  Pylon, Probe  
  20  2:36  Warp Gate (Chrono Boost)  
  21  2:43  Probe  
  21  2:46  Adept  
  21  2:47  Probe  
  25  3:00  Probe  
  25  3:05  Probe  
  27  3:20  Pylon, Robotics Facility  
  27  3:21  Probe  
  27  3:23  Assimilator  
  28  3:28  Probe  
  28  3:29  Pylon  
  29  3:35  Adept  
  29  4:00  Probe, Mothership Core  
  29  4:01  Gateway  
  30  4:09  Gateway  
  28  4:21  Pylon  
  28  4:25  Pylon  
  28  4:42  Assimilator  
  28  4:45  Probe  
  28  4:46  Probe  
  28  4:47  Gateway  
  28  4:49  Warp Prism (Chrono Boost)  
  32  4:56  Probe  
  32  4:58  Probe  
  34  5:11  Adept x3, Gateway  
  40  5:16  Probe  
  40  5:17  Probe  
  42  5:32  Adept x2, Pylon  
  46  5:44  Adept  
  48  6:01  Adept x2  
  48  6:03  Probe  
  48  6:04  Probe  
  48  6:14  Probe  
  48  6:16  Probe  
  50  6:24  Observer (Chrono Boost)  
  51  6:40  Adept x3  
  51  6:41  Adept  
  53  7:06  Adept  
  53  7:07  Adept x3  
  57  7:16  Gateway  
Tags
 
League
GoldGold
Matchup
PvT
Replay Pack
All Mines
Spawn Locations
Close Positions
Add a new tag
Caveats
  • Supply blocks, unpowered buildings, or Contaminate may cause inaccurate times.
  • Supply counts are checked every 10 seconds.